 Dungeon Crawl Stone Soup version 0.21-a0-518-g43a1781 (webtiles) character file.

31921 4thArraOfDagon the Executioner (level 13, -16/107 HPs)
             Began as a Minotaur Abyssal Knight on Dec 4, 2017.
             Was an Elder of Lugonu.
             Killed from afar by a deep elf mage (20 damage)
             ... with an orb of energy
             ... on level 3 of the Elven Halls.
             The game lasted 00:36:00 (8065 turns).

4thArraOfDagon the Executioner (MiAK)               Turns: 8065, Time: 00:36:02

Health: -16/107    AC:  9    Str: 17    XL:     13   Next: 28%
Magic:  18/19      EV: 15    Int: 15    God:    Lugonu [****..]
Gold:   418        SH:  0    Dex: 11    Spells: 12/12 levels left

rFire    . . .     SeeInvis .   I - +2 battleaxe (flame)
rCold    . . .     Gourm    +   (shield currently unavailable)
rNeg     . . .     Faith    .   P - +0 troll leather armour
rPois    .         Spirit   .   (helmet restricted)
rElec    .         Reflect  .   y - +2 cloak
rCorr    .         Harm     .   H - +0 pair of gloves
MR       +....                  O - +0 pair of boots "Kajen" {+Inv MR+ Slay+3} (curse)
Stlth    ++........             T - amulet of the gourmand
HPRegen  0.67/turn              w - +3 ring of evasion
MPRegen  0.16/turn              A - +3 ring of slaying

@: no status effects
A: retaliatory headbutt, horns 2, camouflage 1, clever 1, wild magic 1,
MP-powered wands
a: Depart the Abyss, Bend Space, Banish, Corrupt, Renounce Religion, Evoke
Invisibility


You were on level 3 of the Elven Halls.
You worshipped Lugonu.
Lugonu was greatly pleased with you.
You were not hungry.

You visited 3 branches of the dungeon, and saw 20 of its levels.
You visited the Abyss 1 time.
You also visited: Sewer.

You collected 1280 gold pieces.
You spent 862 gold pieces at shops.

Inventory:

Hand Weapons
 a - a +2 hand axe
 n - a +1 hand axe of flaming
 I - a +2 battleaxe of flaming (weapon)
 M - a +0 broad axe
 Q - a +2 war axe of freezing
Armour
 b - a +0 leather armour
 d - a +0 ring mail
 e - a +0 chain mail
 l - a -2 chain mail
 y - a +2 cloak (worn)
 G - the +3 ring mail of Filth {Str+6 Dex-5}
   (You found it on level 8 of the Dungeon)

   It affects your strength (+6).
   It affects your dexterity (-5).
 H - a +0 pair of gloves (worn)
 N - a +2 shield
 O - the cursed +0 pair of boots "Kajen" (worn) {+Inv MR+ Slay+3}
   (You bought it in a shop on level 2 of the Orcish Mines)

   It affects your accuracy and damage with ranged weapons and melee attacks
   (+3).
   It affects your resistance to hostile enchantments.
   It lets you turn invisible.
   It has a curse placed upon it.
 P - a +0 troll leather armour (worn)
Magical Staves
 s - an uncursed staff of air {unknown}
 U - an uncursed staff of earth {unknown}
Jewellery
 w - a +3 ring of evasion (left hand)
 A - a +3 ring of slaying (right hand)
 B - an uncursed ring of flight
 L - an uncursed ring of positive energy
 T - an amulet of the gourmand (around neck)
Wands
 p - a wand of digging (7)
 C - a wand of polymorph (15)
 S - a wand of random effects (31)
Scrolls
 g - 2 scrolls of immolation {unknown}
 j - a scroll of enchant weapon
 k - 3 scrolls of fear
 m - 9 scrolls of teleportation
 o - 2 scrolls of blinking {unknown}
 q - 2 scrolls of vulnerability {unknown}
 r - a scroll of brand weapon
 u - 4 scrolls of enchant armour {unknown}
 x - 2 scrolls of noise {unknown}
 z - 4 scrolls of remove curse
 D - a scroll of magic mapping
 F - 2 scrolls of fog {unknown}
Potions
 f - 4 potions of flight
 h - 2 potions of brilliance
 t - a potion of cancellation
 E - a potion of mutation
 J - a potion of degeneration
 K - a potion of curing
 R - a potion of haste
Comestibles
 c - 5 bread rations
 i - 5 meat rations


   Skills:
 + Level 8.0 Fighting
 - Level 21.1 Axes
 - Level 3.0 Armour
 - Level 2.0 Dodging
 - Level 10.1 Invocations


You had 12 spell levels left.
You didn't know any spells.

Dungeon Overview and Level Annotations

Branches:
Dungeon (15/15)            Temple (0/1) D:4             Orc (2/2) D:10
    Elf (3/3) Orc:2        Vaults (0/5) D:13
   Lair: D:8-11      Depths: D:15

Altars:
Ashenzari
Elyvilon
Gozag
Kikubaaqudgha
Sif Muna
Uskayaw
Vehumet
Zin
Beogh

Shops:
D:7 *   Orc:2 }[(?[

Annotations:
Orc:2 corrupted
Elf:1 corrupted
Abyss:1 Erica, Nergalle, Snorg


Innate Abilities, Weirdness & Mutations

You reflexively headbutt those who attack you in melee.
You have a pair of horns on your head.
Your skin changes colour to match your surroundings (Stealth+).
Your mind is acute. (Int +2)
Your spells are a little harder to cast, but a little more powerful.
You expend magic power (3 MP) to strengthen your wands.


Message History

Unknown command.
Unknown command.
You miss the scimitar of holy wrath. You slash the deep elf mage!
You burn the deep elf mage. You hit the deep elf mage.
You burn the deep elf mage. You closely miss the deep elf knight.
You slash the deep elf death mage! You burn the deep elf death mage.
The scimitar of holy wrath closely misses you.
The deep elf mage hits you with a short sword.
The deep elf knight casts a spell at you.
The stone arrow hits you!
* * * LOW HITPOINT WARNING * * *
The deep elf death mage hits you but does no damage.
Unknown command.
Unknown command.
Okay, then.
Unknown command.
Space bends around you!
You blink.
The deep elf mage gestures at you while chanting.
The orb of energy hits you!
You die...

***** ,,,,* ,,,,* ##### ,,,,*
###...### *** ,,,,* ###.......###
**,, ,,,,* #...........# **,,,
,,,,* #....⌠......# *,,,,
,,,,******#.....@.....#******,,,,
,,,,+,,,,,+........⌠..+,,,,,+,,,,
,,,,******#...........#******,,<,
,,,,* #....⌠......# *,,,, ,,,,*
#.eee.......# **,,, *****
##'#.§e(...### **,,
##)####.......** *** ##.#.#
#######.,* ##.###.# **,**


You could see a deep elf death mage, a deep elf knight, 2 deep elf magi and a
scimitar of holy wrath.

Vanquished Creatures
  Saint Roka (Orc:2)
  An orc warlord (Orc:2)
  2 vault guards (D:13)
  A centaur warrior (D:14)
  3 dancing weapons
  A two-headed ogre (D:10)
  A deep elf knight (Elf:3)
  2 deep elf archers
  A necromancer (D:13)
  4 wizards (D:13)
  2 orc knights
  3 deep elf magi
  An orc sorcerer (Orc:2)
  A cyclops (D:11)
  A manticore (D:11)
  2 gargoyles
  4 trolls
  A hippogriff (D:11)
  A wyvern (D:12)
  A shadow (D:12)
  18 humans (D:13)
  7 yaks
  A wraith (D:12)
  2 hungry ghosts
  2 vampire mosquitoes (D:12)
  A steam dragon (D:9)
  2 wargs (Orc:1)
  A water moccasin (D:8)
  A porcupine (D:10)
  2 sky beasts
  Purgy (D:3)
  2 swamp drakes (D:9)
  A black bear (D:10)
  20 orc warriors
  2 ice beasts
  A phantom (D:8)
  A necrophage (D:6)
  An eye of draining (D:11)
  6 ogres
  A boggart (D:10)
  7 centaurs
  2 crocodiles
  A big kobold (D:10)
  9 bullfrogs
  4 scorpions
  4 killer bees
  4 howler monkeys
  A crimson imp (D:10)
  A centaur zombie (D:9)
  3 bullfrog zombies
  14 orc priests
  3 jellies
  3 bullfrog skeletons
  3 centaur skeletons
  5 hounds
  26 orc wizards
  4 iguanas
  9 worker ants
  A howler monkey zombie (D:9)
  A worker ant zombie (D:7)
  A howler monkey skeleton (D:10)
  11 adders
  2 shadow imps (D:9)
  2 oozes (D:3)
  4 worms
  A dart slug (D:2)
  6 leopard geckos
  96 orcs
  3 ball pythons
  6 giant cockroaches
  3 goblins
  2 hobgoblins
  5 jackals
  5 quokkas
  5 bats
  9 frilled lizards
  10 kobolds
  2 quokka zombies
  6 rats
391 creatures vanquished.

Vanquished Creatures (collateral kills)
  An ogre (Orc:2)
  An orc (Orc:2)
2 creatures vanquished.

Vanquished Creatures (others)
  Louise (Elf:1)
  An orc warlord (Orc:2)
  A dancing weapon (Elf:1)
  7 two-headed ogres
  An orc high priest (Orc:2)
  An unseen horror (shapeshifter) (Elf:1)
  2 orc sorcerers (Orc:2)
  5 deep elf magi (Elf:1)
  An ugly thing (D:11)
  2 manticores
  2 trolls (Orc:2)
  2 hippogriffs (D:7)
  2 wargs (Orc:2)
  An acid dragon (D:10)
  A porcupine (D:10)
  19 orc warriors (Orc:2)
  4 ogres (Orc:2)
  A human (D:7)
  14 orc priests (Orc:2)
  8 orc wizards (Orc:2)
  23 orcs (Orc:2)
  7 fungi
  A plant (D:10)
  7 starspawn tentacles
114 creatures vanquished.

Grand Total: 507 creatures vanquished

Notes
Turn   | Place    | Note
-------+----------+-------------------------------------------
     0 | Abyss:1  | 4thArraOfDagon the Minotaur Abyssal Knight began the quest for the Orb.
     0 | Abyss:1  | Reached XP level 1. HP: 19/19 MP: 1/1
     7 | Abyss:1  | Found a corrupted altar of Lugonu.
    32 | Abyss:1  | Noticed a freezing wraith
    34 | Abyss:1  | Noticed a small abomination
    40 | D:1      | Escaped the Abyss
    89 | D:1      | Reached * piety under Lugonu
   189 | D:2      | Reached XP level 2. HP: 23/27 MP: 2/2
   263 | D:2      | Reached skill level 3 in Axes
   271 | D:2      | Noticed a howler monkey
   280 | D:2      | Killed a howler monkey
   280 | D:2      | Reached XP level 3. HP: 15/33 MP: 3/3
   381 | D:3      | Reached XP level 4. HP: 25/40 MP: 4/4
   467 | D:3      | Found a radiant altar of Vehumet.
   478 | D:3      | Reached skill level 4 in Axes
   541 | D:3      | Noticed Purgy
   555 | D:3      | Killed Purgy
   555 | D:3      | Reached skill level 5 in Axes
   555 | D:3      | Reached XP level 5. HP: 25/46 MP: 6/6
   636 | D:4      | Found a staircase to the Ecumenical Temple.
   677 | D:3      | Reached ** piety under Lugonu
   690 | D:3      | Found a deep blue altar of Sif Muna.
   693 | D:3      | Found an opulent altar of Gozag.
   776 | D:4      | Reached XP level 6. HP: 34/52 MP: 7/7
   801 | D:5      | Entered Level 5 of the Dungeon
   866 | D:5      | Reached skill level 6 in Axes
   877 | D:5      | Noticed a sky beast
   885 | D:5      | Killed a sky beast
  1063 | D:5      | Found a glowing drain.
  1081 | Sewer    | Entered a sewer
  1130 | Sewer    | Reached skill level 7 in Axes
  1231 | D:4      | Reached XP level 7. HP: 25/59 MP: 9/9
  1364 | D:4      | Found a hide-covered altar of Uskayaw.
  1374 | D:4      | Reached *** piety under Lugonu
  1447 | D:3      | HP: 2/59 [orc priest/divine providence (11)]
  1540 | D:6      | Found a hide-covered altar of Uskayaw.
  1554 | D:6      | Found a white marble altar of Elyvilon.
  1611 | D:6      | Reached skill level 8 in Axes
  1624 | D:6      | Reached skill level 5 in Invocations
  1724 | D:7      | Noticed a hippogriff
  1730 | D:7      | Banished a hippogriff
  1730 | D:7      | Reached skill level 9 in Axes
  1730 | D:7      | Reached XP level 8. HP: 50/66 MP: 10/10
  1786 | D:7      | Found Zin's Purification Station.
  1789 | D:7      | Found a glowing silver altar of Zin.
  1855 | D:6      | Reached skill level 10 in Axes
  1905 | D:7      | Noticed a hippogriff
  1916 | D:7      | Banished a hippogriff
  1928 | D:7      | Found an ancient bone altar of Kikubaaqudgha.
  2050 | D:8      | Noticed Erica
  2125 | D:8      | Reached skill level 11 in Axes
  2169 | D:8      | Banished Erica
  2169 | D:8      | Reached XP level 9. HP: 32/71 MP: 11/13
  2207 | D:8      | Noticed a two-headed ogre
  2209 | D:8      | Banished a two-headed ogre
  2214 | D:8      | Reached skill level 12 in Axes
  2576 | D:8      | Got a bronze ring mail
  2587 | D:8      | Identified the +3 ring mail of Filth {Str+6 Dex-5} (You found it on level 8 of the Dungeon)
  2659 | D:9      | Noticed a two-headed ogre
  2660 | D:9      | Banished a two-headed ogre
  2660 | D:9      | Reached skill level 13 in Axes
  2882 | D:9      | Reached XP level 10. HP: 14/78 MP: 15/15
  2918 | D:9      | Found a hide-covered altar of Uskayaw.
  2946 | D:9      | Noticed a two-headed ogre
  2949 | D:9      | Banished a two-headed ogre
  3122 | D:9      | Reached skill level 14 in Axes
  3149 | D:9      | Gained mutation: You occasionally shout uncontrollably at your foes. [mutagenic meat]
  3150 | D:9      | Gained mutation: You have a pair of large horns on your head. [mutagenic meat]
  3151 | D:9      | Gained mutation: You have an increased reservoir of magic. (+10% MP) [mutagenic meat]
  3152 | D:9      | Gained mutation: You are frail. (-10% HP) [mutagenic meat]
  3153 | D:9      | Gained mutation: Your spells are a little harder to cast, but a little more powerful. [mutagenic meat]
  3210 | D:9      | Noticed a two-headed ogre
  3213 | D:9      | Banished a two-headed ogre
  3268 | D:10     | Entered Level 10 of the Dungeon
  3268 | D:10     | Found a staircase to the Orcish Mines.
  3402 | D:11     | Noticed a white ugly thing
  3491 | D:11     | Noticed a cyclops
  3510 | D:11     | Lost mutation: You have an increased reservoir of magic. (+10% MP) [potion of mutation]
  3510 | D:11     | Lost mutation: Your spells are a little harder to cast, but a little more powerful. [potion of mutation]
  3510 | D:11     | Lost mutation: You occasionally shout uncontrollably at your foes. [potion of mutation]
  3510 | D:11     | Gained mutation: You expend magic power (3 MP) to strengthen your wands. [potion of mutation]
  3510 | D:11     | Gained mutation: You are agile. (Dex +2) [potion of mutation]
  3511 | D:11     | Lost mutation: You have a pair of large horns on your head. [potion of mutation]
  3511 | D:11     | Lost mutation: You are agile. (Dex +2) [potion of mutation]
  3511 | D:11     | Lost mutation: You are frail. (-10% HP) [potion of mutation]
  3511 | D:11     | Gained mutation: Your mind is acute. (Int +2) [potion of mutation]
  3511 | D:11     | Gained mutation: Your spells are a little harder to cast, but a little more powerful. [potion of mutation]
  3511 | D:11     | Gained mutation: Your skin changes colour to match your surroundings (Stealth+). [potion of mutation]
  3521 | D:11     | Reached **** piety under Lugonu
  3541 | D:11     | Banished a white ugly thing
  3608 | D:11     | Reached skill level 15 in Axes
  3637 | D:11     | Noticed a manticore
  3654 | D:11     | Killed a cyclops
  3845 | D:11     | Reached XP level 11. HP: 21/84 MP: 13/17
  4231 | D:10     | Noticed Snorg
  4232 | D:10     | Noticed a two-headed ogre
  4305 | D:12     | Reached skill level 10 in Invocations
  4367 | D:12     | Noticed a two-headed ogre
  4388 | D:12     | Banished a two-headed ogre
  4388 | D:12     | Reached skill level 16 in Axes
  4524 | D:12     | Noticed a two-headed ogre
  4636 | D:15     | Entered Level 15 of the Dungeon
  4666 | D:14     | Noticed a centaur warrior
  4679 | D:14     | Killed a centaur warrior
  4701 | D:13     | Noticed a two-headed ogre
  4702 | D:13     | Banished a two-headed ogre
  4724 | D:14     | Found a shattered altar of Ashenzari.
  4829 | D:13     | Noticed a wizard
  4858 | D:13     | Killed a wizard
  4858 | D:13     | Reached skill level 17 in Axes
  4909 | D:13     | Noticed a wizard
  4909 | D:13     | Noticed a wizard
  4919 | D:13     | Killed a wizard
  4920 | D:13     | Killed a wizard
  4925 | D:13     | Reached skill level 18 in Axes
  4935 | D:13     | Found a gate to the Vaults.
  4935 | D:13     | Noticed a necromancer
  4935 | D:13     | Noticed a vault guard
  4935 | D:13     | Noticed a wizard
  4935 | D:13     | Noticed a vault guard
  4948 | D:13     | Killed a wizard
  4949 | D:13     | Killed a vault guard
  4949 | D:13     | Reached XP level 12. HP: 81/91 MP: 18/18
  4951 | D:13     | Killed a vault guard
  5123 | D:12     | Banished a two-headed ogre
  5165 | D:12     | Reached skill level 19 in Axes
  5217 | D:12     | Noticed Nergalle
  5225 | D:12     | Banished Nergalle
  5354 | D:10     | Killed a two-headed ogre
  5376 | D:10     | Banished Snorg
  5510 | Orc:1    | Entered Level 1 of the Orcish Mines
  5913 | Orc:2    | Entered Level 2 of the Orcish Mines
  5923 | Orc:2    | Corrupted Orc:2
  5923 | Orc:2    | Noticed a tentacled starspawn
  5924 | Orc:2    | Noticed a starcursed mass
  5943 | Orc:2    | Killed an orc high priest
  5960 | Orc:2    | Noticed a starcursed mass
  5964 | Orc:2    | Killed an orc warlord
  5995 | Orc:2    | Noticed a Hell Sentinel
  6001 | Orc:2    | Found Odooth's Antique Weapon Shop.
  6001 | Orc:2    | Found a roughly hewn altar of Beogh.
  6004 | Orc:2    | Found Lempises's Antique Armour Boutique.
  6043 | Orc:2    | Noticed Saint Roka
  6054 | Orc:2    | Killed Saint Roka
  6054 | Orc:2    | Reached skill level 20 in Axes
  6075 | Orc:2    | Found a roughly hewn altar of Beogh.
  6109 | Orc:2    | Found a staircase to the Elven Halls.
  6152 | Orc:2    | Found a roughly hewn altar of Beogh.
  6170 | Orc:2    | Found a roughly hewn altar of Beogh.
  6181 | Orc:2    | Found Dikazeno's Magic Scroll Emporium.
  6191 | Orc:2    | Bought a scroll of magic mapping for 56 gold pieces
  6226 | Orc:2    | Noticed an orc high priest
  6243 | Orc:2    | Banished an orc high priest
  6320 | Orc:2    | Found a roughly hewn altar of Beogh.
  6391 | Orc:2    | Found Hejexkimeh's Armour Emporium.
  6466 | Orc:2    | Bought the cursed +0 pair of boots "Kajen" {+Inv MR+ Slay+3} for 438 gold pieces
  6503 | Orc:2    | Found a roughly hewn altar of Beogh.
  6551 | Orc:2    | Found a roughly hewn altar of Beogh.
  6581 | Orc:2    | Found Jeomofuy's Gadget Shop.
  6639 | Orc:2    | Bought a scroll of brand weapon for 320 gold pieces
  6639 | Orc:2    | Bought a scroll of teleportation for 48 gold pieces
  6677 | Orc:2    | Found a roughly hewn altar of Beogh.
  6677 | Orc:2    | Noticed an orc warlord
  6701 | Orc:2    | Found a roughly hewn altar of Beogh.
  6878 | Orc:2    | Killed an orc warlord
  6939 | Orc:2    | Found a roughly hewn altar of Beogh.
  7003 | Orc:1    | Reached skill level 21 in Axes
  7129 | Orc:1    | Found a roughly hewn altar of Beogh.
  7139 | Orc:1    | Reached ***** piety under Lugonu
  7228 | D:10     | Reached XP level 13. HP: 81/96 MP: 19/19
  7456 | Elf:1    | Entered Level 1 of the Elven Halls
  7457 | Elf:1    | Corrupted Elf:1
  7457 | Elf:1    | Noticed a tentacled starspawn
  7457 | Elf:1    | Noticed a hellephant
  7457 | Elf:1    | Noticed an eidolon
  7457 | Elf:1    | Noticed a starcursed mass
  7459 | Elf:1    | Noticed a starcursed mass
  7482 | Elf:1    | Noticed a black draconian annihilator
  7484 | Elf:1    | Noticed a bone dragon
  7489 | Elf:1    | Killed Louise
  7531 | Elf:1    | Noticed an ancient lich
  7728 | Elf:1    | Reached skill level 5 in Fighting
  7745 | Elf:2    | Noticed a deep elf death mage
  7817 | Elf:3    | Entered Level 3 of the Elven Halls
  8061 | Elf:2    | Noticed a deep elf death mage
  8065 | Elf:3    | Killed from afar by a deep elf mage

Vault maps used:
D:1:      dpeg_arrival_windows_large_door, minmay_misc_feat_iff
D:2:      first_bread
D:3:      grunt_temple_overflow_cloverleaf, vehumet_crystals, uniq_purgy
D:4:      minmay_temple_entry_hall, minmay_ruined_shrine
D:5:      kiku_gazebo_pond_becter, portal_sewer_entry_f
D:6:      marbit_many_paths, elyvilon_altar_1, basic_altar, serial_aquarium,
          aquarium_bridge_square, aquarium_window_fake, aquarium_window_corner,
          aquarium_view_2e, aquarium_balcony_1b
D:7:      lemuel_zombie_altar_yredelemnul, zin_purify,
          nemelex_xobeh_ov_fountains_minmay, serial_glass, glass_columns_a,
          glass_columns_c, glass_columns_c, glass_columns_a, grunt_ogre_cave,
          tgw_kikubaaqudgha
D:8:      uniq_erica
D:9:      nicolae_overflow_hidden_temple
D:10:     due_lair_maze_entry_diamond, doesnt_xom_only_xom, uniq_snorg
D:12:     serial_shops, shop, uniq_nergalle, uniq_josephine
D:13:     grunt_vaults_entry_tiered
D:14:     minmay_the_grid_square_5x5_3x3, minmay_holes, serial_shops, shop,
          ashenzari_altar_1
D:15:     hangedman_depths_entry_try_elsewhere_first, fedhas_altar_2
Orc:1:    basic_altar, minmay_orc_barracks
Orc:2:    grunt_orc_community_town_hall, grunt_orc_community_big_house_1,
          grunt_orc_community_big_house_2, grunt_orc_community_house_3,
          grunt_orc_community_house_1, grunt_orc_community_house_2,
          grunt_orc_community_house_1, grunt_orc_community_house_1,
          grunt_orc_community_house_1, serial_shops,
          nicolae_shop_competitors_out_of_business, basic_altar, mines2_david,
          uniq_saint_roka
Elf:1:    eino_elf_arrival_shootout, minmay_elf_annihilation, uniq_louise
Elf:3:    minmay_elf_hall_hex
Sewer:    sewer_co_purgy_island

Skill      XL: |  1  2  3  4  5  6  7  8  9 10 11 12 13 |
---------------+----------------------------------------+-----
Invocations    | 2 3 4 5 7 8 9 10 | 10.1
Axes           | 3 5 7 9 11 13 15 18 21 | 21.1
Fighting       | 4 8 |  8.0
Armour         | 3 |  3.0
Dodging        | 2 |  2.0

Action                   |  1- 3 |  4- 6 |  7- 9 | 10-12 | 13-15 || total
-------------------------+-------+-------+-------+-------+-------++-------
Melee: Hand axe          |    58 |   134 |   268 |   301 |       ||   761
       Headbutt          |     2 |    22 |    56 |    92 |     9 ||   181
       Broad axe         |       |       |       |   267 |       ||   267
       Battleaxe         |       |       |       |    44 |    39 ||    83
Throw: Throwing net      |       |       |     2 |     4 |       ||     6
Invok: Depart the Abyss  |     1 |       |       |       |       ||     1
       Banish            |       |       |     6 |    21 |       ||    27
       Corrupt           |       |       |       |     1 |     1 ||     2
       Bend Space        |       |       |       |       |     1 ||     1
Evoke: Wand              |       |       |    10 |    10 |     2 ||    22
  Use: Potion            |       |     5 |     3 |    12 |     2 ||    22
       Scroll            |       |     4 |     6 |     6 |     3 ||    19
 Stab: Held in net/web   |       |       |       |     6 |       ||     6
       Invisible         |       |       |       |    17 |       ||    17
       Distracted        |       |       |       |     2 |       ||     2
  Eat: Chunk             |       |     1 |     5 |    13 |       ||    19
       Fruit             |       |       |     4 |     7 |       ||    11
       Royal jelly       |       |       |       |     4 |       ||     4
       Bread ration      |       |       |       |     1 |     1 ||     2
Armor: Ring mail         |    10 |       |     8 |    89 |       ||   107
       Chain mail        |    28 |    81 |    77 |       |       ||   186
       Leather armour    |     1 |       |       |       |       ||     1
       Skin              |       |       |    14 |     4 |       ||    18
       Troll leather arm |       |       |       |    29 |     8 ||    37
Dodge: Dodged            |    21 |    74 |   114 |   296 |    24 ||   529

Table legend:
 A = Spawn XP
 B = Non-spawn XP
 C = Spawn XP percentage of total XP
 D = Spawn monster count
 E = Non-spawn monster count
 F = Spawn count percentage of total count
 G = Total turns spent on level
                    A         B        C        D         E        F      G
               +---------+---------+-------+---------+---------+-------+---------
         Total |       0 |   45602 |   0.0 |       0 |     412 |   0.0 |  8065
               +---------+---------+-------+---------+---------+-------+---------
           D:1 |       0 |      11 |   0.0 |       0 |       8 |   0.0 |   135
           D:2 |       0 |      86 |   0.0 |       0 |      12 |   0.0 |   223
           D:3 |       0 |     254 |   0.0 |       0 |      26 |   0.0 |   348
           D:4 |       0 |     294 |   0.0 |       0 |      20 |   0.0 |   313
           D:5 |       0 |     212 |   0.0 |       0 |      12 |   0.0 |   403
           D:6 |       0 |     482 |   0.0 |       0 |       6 |   0.0 |   183
           D:7 |       0 |     773 |   0.0 |       0 |      26 |   0.0 |   335
           D:8 |       0 |    2074 |   0.0 |       0 |      25 |   0.0 |   540
           D:9 |       0 |    3090 |   0.0 |       0 |      33 |   0.0 |   672
          D:10 |       0 |    3620 |   0.0 |       0 |      30 |   0.0 |   483
          D:11 |       0 |    4490 |   0.0 |       0 |      38 |   0.0 |   935
          D:12 |       0 |    4666 |   0.0 |       0 |      23 |   0.0 |   282
          D:13 |       0 |    9565 |   0.0 |       0 |      28 |   0.0 |   569
          D:14 |       0 |     935 |   0.0 |       0 |       1 |   0.0 |    90
         Orc:1 |       0 |    1608 |   0.0 |       0 |      41 |   0.0 |   735
         Orc:2 |       0 |    6592 |   0.0 |       0 |      68 |   0.0 |  1069
         Elf:1 |       0 |    2879 |   0.0 |       0 |       5 |   0.0 |   349
         Elf:2 |       0 |     870 |   0.0 |       0 |       1 |   0.0 |    14
         Elf:3 |       0 |    2987 |   0.0 |       0 |       4 |   0.0 |   246
         Sewer |       0 |     114 |   0.0 |       0 |       5 |   0.0 |    76
               +---------+---------+-------+---------+---------+-------+---------
